Orko, chaotic female orcish Rogue ---------------- ------ |..............| +....| #...............| |....| #---------+----.- .....| # # |.....# # # ------# # # # # # # -------------# # # |............# # # |...........| ### # ------ |.....%.....| --+-.------- # |....| |....o@.%.... |../.......|# # |....| |...........| |..........+##############+....| ------------- |..........|# ###|..>.| |..........|# #.....| ?...........|# --.--- ------------ Orko the Cutpurse Experience level: 4 Strength: 12 Dexterity: 18 Constitution: 13 Intelligence: 14 Wisdom: 7 Charisma: 9 Health: 0(27) Energy: 12(12) Def: 4 Gold: 13 Moves: 2418 Dungeon seed: 1rktKHgwvDdTaWBx Game ID: Orko_1571140904 Your Inventory: Armor h - an uncursed +0 orcish helm (being worn) u - an uncursed +1 leather armor (being worn) Weapons a - an uncursed +0 two-handed sword named Darga (weapon in hands) c - an uncursed +0 orcish dagger named Arga (alternate weapon; not wielded) q - 6 uncursed +0 orcish daggers (in quiver) Comestibles K - an uncursed fortune cookie N - an uncursed cram ration U - an uncursed carrot V - an uncursed food ration Tools j - an uncursed skeleton key l - an uncursed leash o - an uncursed sack named X p - an uncursed blindfold Coins $ - 13 gold pieces Contents of the sack named X: an uncursed scroll of enchant armor an uncursed scroll of enchant weapon a cursed scroll of identify an uncursed worthless piece of orange glass 2 uncursed worthless pieces of violet glass an uncursed worthless piece of yellow glass named <( 1 an uncursed worthless piece of yellowish brown glass named <@ 2* 5[ Spells and supernatural/magical abilities: Name Level Category Fail Memory a - force bolt 1 attack 61% 95% O - create monster 2 clerical 100% 100% W - pray for help -- divine ? -- Your skills at the end: Fighting Skills Weapon Skills dagger [Basic] short sword [Basic] two-handed sword [Basic] Spellcasting Skills Final Attributes: You were piously aligned. You were poison resistant. You were hallucinating. You had infravision. You were stealthy. You are dead. Vanquished creatures: a floating eye a kobold lord a centipede a monkey 2 dwarf zombies 3 iguanas an acid blob a hobbit a giant rat a red mold a gnome zombie a gecko 9 jackals a fox 2 kobolds a goblin 6 sewer rats 4 grid bugs a bat 3 lichens 6 newts and a partridge in a pear tree 48 creatures vanquished. Voluntary challenges: You were an atheist. You used a wielded weapon 69 times, starting on turn 186. You read items or engraved 6 times, starting on turn 1379. You never genocided any monsters. You never polymorphed an object. You never changed form. You used no wishes. You never split a pudding. You never wrote Elbereth's name. You violated your moral code, losing 10 points of alignment, starting on turn 1172. You abstained from Elbereth's help. You werepermanently hallucinating. Dungeon overview: The Dungeons of Doom: levels 1 to 6 Level 1 a long staircase Level 2 a general store, a fountain Level 3 <- You were here Level 4 Level 5 a weapon shop, a fountain, a sink Level 6 History has recorded: On T:1 you entered the Dungeons of Doom to retrieve the Amulet of Yendor! On T:292 you reached level 2 of The Dungeons of Doom. On T:361 you advanced to experience level 2. On T:582 you advanced to experience level 3. On T:678 you reached level 3 of The Dungeons of Doom. On T:773 you reached level 4 of The Dungeons of Doom. On T:1035 you reached level 5 of The Dungeons of Doom. On T:1325 you advanced to experience level 4. On T:1574 you reached level 6 of The Dungeons of Doom. Score breakdown: Gold: 13 ( 3898 points) Experience: 4 levels ( 9649 points) Exploration: 6 levels ( 12.00%) ( 9583 points) Discoveries: 2 items ( 0.70%) ( 2504 points) Valuables value: (no points given unless you survive) Artifact value: 0 ( 0 points) Variety of kills: 21 monsters ( 5.51%) ( 7043 points) Turncount: 2418 turns ( -281 points) Survival: died (score multiplied by 80%) Total score: 25916 Latest messages: a - a two-handed sword named Darga (alternate weapon; not wielded). You see here a scroll labeled VENZAR BORGAVVE. You kill the black dragon! The imp misses. You are now wielding your two-handed sword named Darga. c - an uncursed +0 orcish dagger named Arga (alternate weapon; not wielded). You hit it. The giant rat bites! You miss it. The baby purple worm bites! The baby crocodile bites! You miss it. The carnivorous ape bites! The Olog-hai bites! The tengu bites! You kill the gnomish wizard! The Luggage bites! You die... Final status: Goodbye Orko the Rogue, killed by a hallucinogen-distorted giant bat... You died in The Dungeons of Doom on dungeon level 3 with 25916 points, and 13 pieces of gold, after 2418 moves. You were level 4 with a maximum of 27 hit points when you died.